[Event "Azerbaijan-ch 1st League 2025"]
[Site "Baku"]
[Date "2025.01.06"]
[Round "1.12"]
[White "Davudov, Tunar"]
[Black "Ibrahimli, Suat"]
[Result "1-0"]
[Annotator "TA"]
[ECO "E11"]
[WhiteElo "2225"]
[BlackElo "1949"]
[PlyCount "97"]
[EventDate "2025.01.05"]
[EventType "swiss"]
[EventCountry "AZE"]
[SourceTitle "playchess.com"]
[Source "ChessBase"]
[SourceQuality "1"]
[TimeControl "40/5400+30:1800+30"]

1. d4 Nf6 2. c4 e6 3. Nf3 Bb4+ 4. Bd2 c5 5. Bxb4 cxb4 6. g3 d5 7. Bg2 O-O 8. Nbd2 Nc6 9. O-O b6 10. Rc1 Bb7 11. cxd5 {[%emt 0:03:45] White has an edge.} exd5 12. e3 Re8 13. Qa4 Qd7 14. Qb5 Rac8 15. Qd3 Ne4 16. Qb1 f5 17. Bh3 g6 (17... Ba6 {feels hotter.} 18. Rfd1 Be2 19. Re1 Ba6) 18. Rfd1 Nd6 19. Rc2 h6 20. Nb3 a5 21. Nc1 g5 22. Nd3 Nc4 {[%emt 0:05:08] White must now prevent ...g4.} 23. Bg2 Qe6 {[%emt 0:45:10] [#]} 24. Nde5 Ne7 (24... N6xe5 $11 {keeps the balance.} 25. dxe5 Rf8) 25. h3 (25. Nxg5 $1 $16 hxg5 26. Nxc4) 25... Kg7 26. Qc1 Nd6 27. h4 g4 28. Ne1 Ba6 29. Bf1 Rxc2 30. Qxc2 Rc8 31. Qb1 Bxf1 32. Kxf1 Ne4 33. N1d3 Rc7 34. Ke2 Qc8 $1 35. Rc1 Nd6 (35... Nc6 $11) 36. Rxc7 $16 Qxc7 37. Qd1 Qc8 38. Kf1 (38. Qa4 {simplifies} Ng6 39. Qd7+ Qxd7 40. Nxd7 b5 41. Nb8) 38... Kf6 ({Better is} 38... b5) 39. Kg2 {[%emt 0:00:16] White is more active.} (39. Qa4 $142) 39... Nc4 (39... b5 $16 {might work better.}) 40. Qa4 $18 Nxe5 41. Nxe5 {[%emt 0:02:14][%mdl 4096] Endgame. KQN-KQN} (41. dxe5+ Ke6 $11) 41... Ke6 $2 {[%emt 0:00:00] [#]} (41... Ng8 {keeps fighting.} 42. Qb5 Qe6) 42. Qb5 Qd8 43. h5 Nc8 (43... Kf6 $142 44. Nd7+ Kf7 45. Nxb6 b3 46. Qxb3 (46. Qxa5 bxa2 47. b4 a1=Q $17) (46. axb3 Qb8 $18) 46... Qd6) 44. Qc6+ {[%emt 0:00:12] White is clearly winning.} Nd6 45. Ng6 Qc8 (45... Kf7 $142 46. Nf4 (46. Qxd5+ Kf6 $18) 46... Ke7) 46. Nf4+ Ke7 47. Nxd5+ Ke6 48. Nf4+ ({Worse is} 48. Qxb6 Kxd5 49. Qxa5+ Kc4 $11) 48... Ke7 49. Ng6+ {[%emt 0:00:03] Weighted Error Value: White=0.13 (very precise) /Black=0.39.  Mistake:       	White=3     	Black=7      Inaccurate:     	White=5     	Black=5      OK:         	White=10    	Black=8      Best:        	White=5     	Black=2      Strong:       	---       	Black=1} 1-0

[Event "Azerbaijan-ch 1st League 2025"]
[Site "Baku"]
[Date "2025.01.06"]
[Round "1.13"]
[White "Baghirov, Mahammad"]
[Black "Ahmadov, Fariz"]
[Result "0-1"]
[Annotator "TA"]
[ECO "C66"]
[WhiteElo "1932"]
[BlackElo "2224"]
[PlyCount "108"]
[EventDate "2025.01.05"]
[EventType "swiss"]
[EventCountry "AZE"]
[SourceTitle "playchess.com"]
[Source "ChessBase"]
[SourceQuality "1"]
[TimeControl "40/5400+30:1800+30"]

1. e4 e5 2. Nf3 Nc6 3. Bb5 Nf6 4. O-O d6 5. d4 Bd7 6. dxe5 Nxe5 7. Bxd7+ Qxd7 8. Nxe5 dxe5 9. Qxd7+ Nxd7 10. Be3 Bc5 11. Bxc5 Nxc5 12. Nc3 c6 13. f3 Ne6 14. Ne2 Ke7 15. Rad1 Rad8 16. Kf2 g6 17. c3 h5 18. h4 Rhg8 19. g3 Rgf8 20. Ke3 f5 21. Rxd8 Rxd8 $11 {[%emt 0:00:13][%mdl 4096] Endgame KRN-KRN} 22. f4 Nc5 23. exf5 Rd3+ 24. Kf2 Ne4+ 25. Ke1 (25. Kg1 $1 $11) 25... gxf5 $17 26. fxe5 Re3 27. Rg1 (27. Rxf5 $2 Rxe2+ (27... Nxg3 $2 28. Rf2 $19) 28. Kd1 Rxb2 (28... Nxg3 $2 29. Rg5 $19) 29. Rxh5 Ke6 $19 (29... Rxa2 $2 30. Rh7+ Ke6 31. Rxb7 $19) (29... Nxc3+ $2 30. Ke1 $19)) 27... Ke6 {[%emt 0:00:44] Black has more active pieces.} 28. Rg2 (28. Kd1 $17 {was called for.}) 28... Kxe5 $19 29. Kd1 c5 30. c4 Rd3+ 31. Kc1 a6 32. a4 a5 33. Rg1 Re3 34. Kd1 Rf3 35. Rg2 $2 (35. Kc2 $17) 35... Rd3+ 36. Kc1 Rd2 37. Rf2 Rd3 $2 (37... Rd4 $1 $19 38. Nxd4 Nxf2) 38. Rg2 $17 Rf3 (38... b6 $17 {and ...Rd2 would now be decisive} 39. Rg1 Re3) 39. Kc2 (39. Kd1 $1 $11 {keeps the balance.}) 39... Kd6 40. Kc1 Kc6 41. Rg1 {[%emt 0:09:40] [#]} (41. Kc2 $142) 41... Rf2 $1 42. Nf4 {[%emt 0:04:08] [#]} (42. Re1 $142) 42... Nxg3 $1 $19 43. Nd3 (43. Rxg3 Rxf4) 43... Ne2+ 44. Kd2 (44. Kd1 $142 Nxg1 45. Nxf2) 44... Nxg1+ 45. Nxf2 {[%emt 0:00:06] KN-KN. Black is a pawn up.} Nf3+ 46. Ke3 Nxh4 47. Kf4 Ng2+ 48. Kf3 Ne1+ 49. Kf4 Nc2 50. Nd3 h4 51. Ne5+ Kd6 52. Kxf5 h3 {[%emt 0:00:20] ( -> ...h2)} 53. Ng4 {[%emt 0:00:03] [#]} Ne3+ $1 54. Nxe3 h2 0-1

[Event "Azerbaijan-ch 1st League 2025"]
[Site "Baku"]
[Date "2025.01.06"]
[Round "1.14"]
[White "Hajialiyev, Islam"]
[Black "Isbatov, Kanan"]
[Result "1/2-1/2"]
[Annotator "TA"]
[ECO "D79"]
[WhiteElo "2217"]
[BlackElo "1882"]
[PlyCount "267"]
[EventDate "2025.01.05"]
[EventType "swiss"]
[EventCountry "AZE"]
[SourceTitle "playchess.com"]
[Source "ChessBase"]
[SourceQuality "1"]
[TimeControl "40/5400+30:1800+30"]

1. Nf3 Nf6 2. g3 d5 3. Bg2 g6 4. d4 Bg7 5. O-O O-O 6. c4 c6 7. cxd5 cxd5 8. Nc3 Ne4 9. Ne5 Nxc3 10. bxc3 Nc6 11. Nxc6 bxc6 12. Qa4 Bd7 13. Qa3 e5 14. dxe5 Bxe5 15. Be3 Re8 16. Rfe1 Qf6 17. Rac1 h5 18. Qb2 h4 19. Qd2 hxg3 20. hxg3 Bf5 21. Bf3 Kg7 22. Bh6+ Kg8 23. Kg2 Rab8 24. Be3 Kg7 25. Bxa7 Rh8 26. Rh1 Ra8 27. Bd4 Bxd4 28. cxd4 Qe6 29. Rxh8 Rxh8 30. Rh1 Bh3+ 31. Kg1 Qf5 32. Qd3 Rb8 33. Qxf5 Bxf5 34. Kg2 Ra8 35. Rc1 Bd7 36. Rc2 f5 37. e3 Kf6 38. Bd1 Ra3 39. Rb2 Ke6 40. Bb3 Kd6 41. Kf3 g5 42. Ke2 Bc8 43. Kd3 Ba6+ 44. Kc3 c5 45. dxc5+ Kxc5 46. Rd2 Bc4 47. Kb2 Ra8 48. Bxc4 dxc4 49. Rd7 f4 50. Rg7 fxe3 51. fxe3 Re8 52. Rxg5+ Kd6 53. Kc3 Rxe3+ 54. Kxc4 Ra3 55. Rd5+ Kc6 56. Rd3 Rxa2 57. Rd8 Ra3 58. Rg8 Kd6 59. Kd4 Ke6 60. Ke4 Kf7 61. Rg5 Kf6 62. Rf5+ Kg6 63. g4 Ra1 64. Rb5 Rf1 65. Ke3 Rf6 66. Rb8 Rf1 67. Ke4 Rf2 68. Ke5 Kg7 69. Ra8 Rf1 70. Ra7+ Kg6 71. Ra8 Kg7 72. Ra6 Rf2 73. Rb6 Rf1 74. Rb2 Kg6 75. Rb8 Kg7 76. Ke4 Rf2 77. Rb6 Rf1 78. Rb7+ Kg6 79. Rb8 Kg7 80. Rb5 Kg6 81. Rb8 Kg7 82. Ke5 Rf2 83. Rb7+ Kg6 84. Rb8 Kg7 85. Ke4 Rf1 86. Rb5 Kg6 87. Ke3 Rf6 88. Rb8 Kg7 89. Rb2 Kg6 90. Rb5 Rf7 91. Ra5 Rf6 92. Ra8 Kg7 93. Ra4 Kg6 94. Ra8 Kg5 95. Rg8+ Rg6 96. Rxg6+ Kxg6 97. Ke2 Kf6 98. Kf2 Kg5 99. Kg3 Kg6 100. Kh4 (100. Kf4 $5) 100... Kh6 101. g5+ Kg6 102. Kg4 Kg7 103. Kg3 Kf7 104. Kh3 Kg7 105. Kh4 Kg6 106. Kg4 Kg7 107. Kh5 Kh7 108. Kh4 Kg7 109. Kg3 $1 Kg6 110. Kf4 Kg7 111. Kf3 Kf7 112. Kg3 Kg7 113. Kf4 Kg6 114. Kg4 Kg7 115. Kh3 Kg6 116. Kh4 Kg7 117. Kh5 Kh7 118. g6+ Kg7 119. Kg5 Kg8 120. Kg4 Kg7 121. Kf5 $1 Kg8 122. Kf6 (122. Ke6 $5) 122... Kf8 123. Kg5 Kg7 124. Kh5 Kg8 125. Kh4 Kg7 126. Kg5 (126. Kh5 $5) 126... Kg8 127. Kf6 Kf8 128. Ke5 Kg7 129. Kf5 Kg8 130. Kf4 (130. Kg5 $5) 130... Kg7 131. Kg5 Kg8 132. Kf6 Kf8 133. g7+ Kg8 134. Kg6 1/2-1/2

[Event "Azerbaijan-ch 1st League 2025"]
[Site "Baku"]
[Date "2025.01.06"]
[Round "1.15"]
[White "Azimov, Yasin"]
[Black "Hamidov, Allahverdi"]
[Result "0-1"]
[Annotator "TA"]
[ECO "E05"]
[WhiteElo "1880"]
[BlackElo "2200"]
[PlyCount "84"]
[EventDate "2025.01.05"]
[EventType "swiss"]
[EventCountry "AZE"]
[SourceTitle "playchess.com"]
[Source "ChessBase"]
[SourceQuality "1"]
[TimeControl "40/5400+30:1800+30"]

1. d4 d5 2. c4 e6 3. g3 Nf6 4. Bg2 Be7 5. Nf3 O-O 6. O-O dxc4 7. Qc2 a6 8. a4 Bd7 9. Qxc4 Bc6 10. Bg5 Nbd7 11. Qc2 Be4 12. Qc1 c5 13. Nbd2 Bd5 14. e3 Rc8 {[%emt 0:04:59] Hoping for ...cxd4.} 15. Qd1 h6 {[%emt 0:04:28] Black is more active.} 16. Bxf6 Nxf6 17. Rc1 Qb6 18. b3 cxd4 19. Nxd4 Bc5 20. Bxd5 Nxd5 21. N2f3 Ba3 22. Rxc8 Rxc8 23. Ne5 Qc7 24. Nc4 Be7 25. Qg4 Bf6 26. Rd1 {[%emt 0:07:07][%cal Od4e6] Nxe6! would now be deadly.} Rd8 27. h4 (27. Rd2 $15) 27... Nc3 $17 28. Rd3 {[%emt 0:00:55] [#]} Bxd4 $1 ({Of course not} 28... Nxa4 $6 29. Nxe6 fxe6 30. Qxe6+ Kh7 31. Qe4+ Kh8 32. bxa4 $14) 29. exd4 Nd5 30. Rf3 f5 31. Qg6 Nf6 (31... Qf7 $15 32. h5 Nf6 33. Qxf7+ Kxf7 34. Ne5+ Ke7 35. Ng6+ Kd6) 32. Re3 Qd7 (32... Qf7 {simplifies} 33. Qxf7+ Kxf7 34. Ne5+ Kg8) 33. Ne5 Qe7 34. Nc4 b5 35. axb5 axb5 36. Ne5 Rxd4 37. Nd3 $2 (37. Rc3 $15 Rd8 38. Rc1) 37... Qd6 $2 ({Worse is} 37... Rg4 38. Qxf5 exf5 39. Rxe7 $11) (37... Qb7 $19 38. h5 Rg4) 38. Nf4 $2 (38. Ne5 $11) 38... Rd1+ $19 39. Kg2 {[%emt 0:00:11] [#]} Qc6+ $1 40. f3 Rd2+ 41. Re2 Rxe2+ 42. Nxe2 Qc2 0-1

[Event "Azerbaijan-ch 1st League 2025"]
[Site "Baku"]
[Date "2025.01.06"]
[Round "1.16"]
[White "Abdulkarimli, Eljan"]
[Black "Safarli, Ramzi"]
[Result "1-0"]
[Annotator "TA"]
[ECO "C02"]
[WhiteElo "2163"]
[BlackElo "1792"]
[PlyCount "133"]
[EventDate "2025.01.05"]
[EventType "swiss"]
[EventCountry "AZE"]
[SourceTitle "playchess.com"]
[Source "ChessBase"]
[SourceQuality "1"]
[TimeControl "40/5400+30:1800+30"]

1. e4 c5 2. c3 e6 3. d4 cxd4 4. cxd4 d5 5. e5 Ne7 6. Na3 Nf5 7. Nc2 {[%emt 0:00:48] Against Bb4+} Qb6 8. Bd3 Nc6 (8... Nxd4 $2 9. Nxd4 Bb4+ (9... Qb4+ $2 10. Qd2 $18) 10. Kf1 $18) 9. Nf3 Bd7 10. O-O Be7 (10... Nb4 $11) 11. g4 $14 Nh6 $1 (11... Nfxd4 12. Nfxd4 Nxe5 (12... Nxd4 $2 13. Be3 $18) 13. Re1 $16) 12. h3 O-O-O (12... a5 $14) 13. b4 $18 Kb8 14. Bd2 Rc8 15. Qe1 Bd8 16. Rb1 Qc7 17. a4 Ka8 18. Qe2 Be7 (18... f5 $142 19. exf6 Nf7 20. fxg7 (20. b5 Na5 $18) 20... Rg8) 19. Rfc1 Qd8 20. Qe1 Qf8 21. b5 Nb8 22. Qe3 Ng8 23. Kg2 Qd8 24. Nb4 Rxc1 25. Rxc1 Qf8 26. Rb1 (26. Na2 $18) 26... Qd8 {[%emt 0:01:06] [#]} (26... Bd8 $16 27. Bc2 h5) 27. a5 $1 Bc8 (27... h5 28. g5) 28. Ng1 Bf8 29. f4 Ne7 30. Qe1 Ng6 31. Qc1 Qd7 (31... Nh4+ $16 32. Kg3 h5) 32. Nf3 Be7 33. Kg3 Bd8 34. Ra1 Ne7 35. Qb2 {[%emt 0:00:41] Black is weak on the dark squares} h6 36. Kg2 {[%emt 0:01:03] White has more active pieces.} Rg8 (36... f5 $16 37. Qa2 fxg4) 37. Qc3 Qc7 (37... f5 $16 38. Qc5 fxg4) 38. Qb3 Qd7 39. Qc3 Qc7 $1 {[%emt 0:00:03] [#]} 40. Qa3 $1 Qd7 41. Bf1 (41. Na2 $18) 41... Ng6 (41... Qe8 $16 {was necessary.} 42. b6 f5 43. bxa7 Nbc6) 42. Qb3 Ne7 43. Nd3 Ng6 $2 (43... f5 44. Nc5 Qe8) 44. Kg3 Be7 $2 (44... f6 45. Rc1 Ne7) 45. Rc1 Re8 (45... Qd8 $142 46. Bb4 Bxb4) 46. Nc5 Qd8 47. Bd3 Nf8 48. Bb1 Nfd7 49. Ne1 $2 (49. Na4 $18) 49... Bh4+ (49... Nxc5 $16 50. dxc5 g5) 50. Kg2 (50. Kh2 $18) 50... Be7 (50... Nxc5 $16 51. dxc5 (51. Rxc5 a6 $16) 51... Be7) 51. Ned3 Nf8 (51... Nxc5 $142 52. Nxc5 (52. dxc5 g5 $16) 52... g5) 52. Nb2 (52. a6 $18 {and White stays clearly on top.}) 52... Nbd7 $2 (52... g5 $16 53. Qc3 gxf4 54. Bxf4 Nfd7) 53. Nba4 Kb8 54. Bd3 {[%emt 0:01:18] and b6 would now be decisive} Ka8 (54... g5 $142 55. Nxd7+ Bxd7) 55. Rb1 f6 (55... f5 $142 56. gxf5 Bxc5) 56. b6 Bxc5 57. dxc5 Nb8 {[%emt 0:00:26] [#]} 58. a6 $1 {[%emt 0:02:41][%cal Ba5a6,Ba6b7][%mdl 544] White threatens bxa7 and mate.} Re7 (58... d4 59. bxa7) 59. bxa7 Kxa7 60. Nc3 Nc6 61. Nb5+ Kb8 62. Nd6 fxe5 63. axb7 Bd7 64. Ra1 Na7 {[%emt 0:00:35] [#]} 65. Rxa7 $1 Kxa7 (65... Ba4 66. Ra8+) 66. Qa3+ Kb8 67. Qa8+ 1-0

[Event "Azerbaijan-ch 1st League 2025"]
[Site "Baku"]
[Date "2025.01.06"]
[Round "1.17"]
[White "Imranli, Kenan"]
[Black "Musayev, Eldar"]
[Result "0-1"]
[Annotator "TA"]
[ECO "B22"]
[WhiteElo "1758"]
[BlackElo "2163"]
[PlyCount "52"]
[EventDate "2025.01.05"]
[EventType "swiss"]
[EventCountry "AZE"]
[SourceTitle "playchess.com"]
[Source "ChessBase"]
[SourceQuality "1"]
[TimeControl "40/5400+30:1800+30"]

1. e4 c5 2. c3 Nf6 3. e5 Nd5 4. d4 cxd4 5. cxd4 Nc6 6. Nf3 d6 7. Bc4 Nb6 8. Bb5 dxe5 9. Nxe5 Bd7 10. Bxc6 Bxc6 11. Nxc6 bxc6 12. O-O e6 13. Bf4 Bd6 14. Bxd6 Qxd6 {[%emt 0:00:34] The position is equal.} 15. Qg4 O-O 16. Nc3 Qb4 17. Rad1 (17. Rab1 $15) 17... Qxb2 $17 18. Rd3 Nd5 19. Rg3 g6 {[%emt 0:00:10] Active counter play!} ({Worse is} 19... Nxc3 20. Qxg7#) 20. Na4 (20. Nxd5 $17 cxd5 21. Qf4) 20... Qxa2 $19 21. Nc5 Rfb8 22. Qe4 {[%emt 0:05:54] Repels Rb1} Qc4 {[%emt 0:13:41] [#] Threatens to win with ...Nc3.} 23. Qh4 $2 (23. Qe5 {was necessary.}) 23... Rb4 24. Rh3 h5 (24... Qxd4 $2 {loses.} 25. Qxh7+ Kf8 26. Qh8+ Ke7 27. Qxa8 $18) 25. Nd3 Rb3 26. Rc1 $2 {[%emt 0:07:28] [#]} (26. Ne5 Rxh3 27. gxh3) 26... Rxd3 $1 {[%emt 0:00:19] Black took control after the opening.   Weighted Error Value: White=0.61/Black=0.11 (very precise) .  Mistake:       	White=4     	---        Inaccurate:     	White=1     	---        OK:         	White=3     	Black=8      Best:        	---       	Black=2} 0-1

[Event "Azerbaijan-ch 1st League 2025"]
[Site "Baku"]
[Date "2025.01.06"]
[Round "1.18"]
[White "Rzayev, Chingiz"]
[Black "Kazimzade, Mahammad"]
[Result "1-0"]
[Annotator "TA"]
[ECO "C47"]
[WhiteElo "2153"]
[BlackElo "1743"]
[PlyCount "85"]
[EventDate "2025.01.05"]
[EventType "swiss"]
[EventCountry "AZE"]
[SourceTitle "playchess.com"]
[Source "ChessBase"]
[SourceQuality "1"]
[TimeControl "40/5400+30:1800+30"]

1. e4 e5 2. Nf3 Nc6 3. Nc3 Nf6 4. d4 exd4 5. Nxd4 Bb4 6. Nxc6 bxc6 7. Bd3 d5 8. exd5 cxd5 9. O-O O-O 10. Bg5 c6 11. Qf3 Be7 12. h3 h6 13. Bh4 Rb8 14. b3 Be6 15. Bg3 Rb7 16. Ne2 Nh7 17. Nd4 Ng5 18. Qh5 Bd7 19. Rae1 Bf6 20. Be5 Bxe5 21. Rxe5 Qf6 22. f4 Ne6 23. Nxe6 Bxe6 24. g4 {[%emt 0:00:24] White is more active.} (24. Qe2 {simplifies} Bd7 25. Qe3 Qd8 26. Re1) 24... Rfb8 (24... Re8 $11) 25. g5 $16 hxg5 26. Rxg5 Qd4+ $2 (26... Re8 $16) 27. Kh1 f5 28. Qg6 ({Not} 28. Bxf5 Bxf5 29. Rxf5 Qe4+ 30. Kg1 Re8 $11) 28... Rf8 $2 (28... Re7 29. Re1 (29. Bxf5 Bxf5 30. Rxf5 Qe4+ 31. Kh2 Qxc2+ 32. Kg1 Qc5+ 33. Kh1 Qe3 $15) 29... Rbe8 (29... Bf7 30. Qxg7+ Qxg7 31. Rxg7+ Kf8 32. Reg1 $18)) 29. Qxe6+ $18 Rbf7 30. Bxf5 Qf6 31. Bg4 Kh8 32. Rh5+ Kg8 33. Qxf6 Rxf6 34. Kg2 Re8 35. Re5 Rb8 36. Kg3 Rb5 37. Rfe1 Rc5 {[%emt 0:00:37] [#]} 38. c4 $1 {[%emt 0:00:09] Threatens to win with Re8+.} a5 (38... Ra5 39. Re8+) 39. Re8+ Kh7 40. R1e5 a4 41. Bf5+ g6 42. R5e7+ Kh6 43. Rh8# 1-0

[Event "Azerbaijan-ch 1st League 2025"]
[Site "Baku"]
[Date "2025.01.07"]
[Round "2.1"]
[White "Ibrahimli, Murad"]
[Black "Davudov, Tunar"]
[Result "1/2-1/2"]
[Annotator "TA"]
[ECO "E52"]
[WhiteElo "2415"]
[BlackElo "2225"]
[PlyCount "143"]
[EventDate "2025.01.05"]
[EventType "swiss"]
[EventCountry "AZE"]
[SourceTitle "playchess.com"]
[Source "ChessBase"]
[SourceQuality "1"]
[TimeControl "40/5400+30:1800+30"]

1. d4 Nf6 2. c4 e6 3. Nc3 Bb4 4. e3 O-O 5. Bd3 d5 6. Nf3 b6 7. cxd5 exd5 8. Bd2 Bb7 9. Qc2 a6 10. Ne2 Bd6 11. Ng3 Re8 12. Rc1 c5 13. dxc5 bxc5 14. O-O Nbd7 15. Bc3 Rc8 16. Qa4 Ne5 (16... g6 $11) 17. Bxe5 (17. Bxa6 Nxf3+ 18. gxf3 Ra8 $19) 17... Bxe5 18. Nxe5 (18. Bxa6 $2 {is the wrong capture.} Ra8 $19 (18... Bxa6 19. Qxa6 Bxb2 20. Rc2 $19) (18... Bxa6 19. Qxa6 Bxb2 20. Rc2 $17)) 18... Rxe5 19. Qf4 {[%emt 0:11:44] White is much more active.} Qe7 20. b3 g6 21. Rc2 Re6 22. Rfc1 Nd7 23. Bf1 Ne5 24. Qa4 Rec6 25. Qa3 Qc7 26. Qb2 h5 27. h3 h4 28. Nh1 c4 29. bxc4 dxc4 30. Qd4 (30. f3 $11 {remains equal.}) 30... Rc5 $2 (30... Qe7 $1 $17 {keeps the pressure on.} 31. f3 Rd8) 31. Qxh4 $16 c3 32. Ng3 Qc6 33. Rd1 Rd5 (33... Qb6 $16 {keeps fighting.} 34. Ne4 Bxe4 35. Qxe4 Qe6) 34. Rxd5 $18 Qxd5 35. Qd4 (35. Qe7 $18 {Hoping for e4.} Ba8 36. Qa3 (36. Bxa6 $2 Qxg2#)) 35... Qxd4 $16 36. exd4 Nc6 ({Avoid the trap} 36... Nd7 $2 37. Ne2 $18) 37. Rxc3 Nxd4 38. Rxc8+ Bxc8 {[%emt 0:00:03][%mdl 4096] Endgame. KBN-KBN} 39. Ne4 Be6 40. a4 a5 41. f4 Kf8 42. Kf2 Ke7 43. Bd3 Bd5 44. Nc3 Bc6 45. Ke3 Ne6 46. Be4 Be8 47. g4 $1 Nc5 48. Bc2 Bd7 49. f5 ({White should play} 49. Nd5+ $1 $18 Kd6 50. Nb6) 49... gxf5 50. gxf5 {[%emt 0:00:05] h4 is the strong threat.} Kf6 {[%emt 0:00:22][%cal Of6e5] [#]} 51. Kf4 $1 {[%emt 0:00:44] Black must now prevent h4.} Bc6 52. h4 Be8 $2 (52... Nd7 $16) 53. h5 $18 Kg7 54. Ke5 {[%emt 0:00:48] aiming for Kd6.} Nd7+ $2 (54... f6+ 55. Kd6 Na6) 55. Kd6 Nf6 56. Bd1 $2 (56. Ke7 {[%cal Oh5h6] h6+! would now be deadly.} Bxa4 57. Bxa4 (57. Nxa4 Ng8+ 58. Kd8 Nf6 $18) 57... Ng8+ 58. Kd6) 56... Bd7 {[%emt 0:00:17] [#]} 57. h6+ $2 Kxh6 $11 {[%emt 0:00:22] The position is equal.} 58. Ke7 Kg5 59. Kxf7 Kxf5 60. Ke7 Ke5 61. Kd8 Kd6 62. Be2 Bc6 63. Bb5 Bb7 64. Ne2 Kc5 65. Nf4 Nd5 66. Ne6+ Kb4 67. Nd4 Nc3 68. Kc7 Be4 69. Bc6 Bd3 70. Kb6 Nxa4+ 71. Bxa4 Kxa4 72. Nc6 {[%emt 0:00:05] Black defended with fortune.   Weighted Error Value: White=0.26 (precise) /Black=0.30.  Loses game:     	---       	Black=1      Mistake:       	White=3     	Black=4      Inaccurate:     	White=3     	Black=4      OK:         	White=26    	Black=18     Best:        	White=3     	Black=5      Strong:       	White=1     	---} 1/2-1/2

[Event "Azerbaijan-ch 1st League 2025"]
[Site "Baku"]
[Date "2025.01.07"]
[Round "2.2"]
[White "Gurbanov, Ismayil"]
[Black "Atakishiyev, Elmar"]
[Result "0-1"]
[Annotator "TA"]
[ECO "B52"]
[WhiteElo "2248"]
[BlackElo "2408"]
[PlyCount "152"]
[EventDate "2025.01.05"]
[EventType "swiss"]
[EventCountry "AZE"]
[SourceTitle "playchess.com"]
[Source "ChessBase"]
[SourceQuality "1"]
[TimeControl "40/5400+30:1800+30"]

1. e4 c5 2. Nf3 d6 3. Bb5+ Bd7 4. Bxd7+ Nxd7 5. O-O Ngf6 6. Qe2 e6 7. b3 Be7 8. Bb2 O-O 9. c4 a6 10. d4 cxd4 11. Nxd4 Rc8 12. Nc3 Qa5 13. Rad1 Qh5 14. f3 Rfe8 15. g4 Qh4 16. Qf2 Qxf2+ 17. Rxf2 Ne5 18. Rfd2 Nfd7 19. Nce2 Ng6 20. Nc2 Nde5 21. Kf2 b5 22. cxb5 axb5 23. Ne3 Ra8 (23... b4 {looks sharper.} 24. Rc2 Bh4+ 25. Kg2 Bg5) 24. Bxe5 dxe5 25. Rc2 Ra7 26. Rdc1 Kf8 27. Nc3 ({White should try} 27. Ng2 $15) 27... Rb8 $17 28. Ne2 Rd8 29. Rd1 Rda8 30. Nc3 Rb7 (30... Nf4 $17 31. a4 bxa4 32. Nxa4 Kg8) 31. Ne2 $15 Rba7 32. Nc3 $1 Rb7 33. Ne2 Bh4+ 34. Kf1 Bg5 35. Kf2 Rba7 36. Nc3 Rc7 37. Rdc1 Nf4 (37... Rd8 $17 {Threatens to win with ...Rd3.} 38. Ne2 (38. Nxb5 $2 Rcd7 $19) 38... Ra7) 38. Nxb5 $15 Nd3+ 39. Kf1 $1 Rxc2 (39... Nxc1 40. Nxc7 Rxa2 41. Rxa2 Nxa2 42. Nc4) 40. Rxc2 Bxe3 (40... Nb4 $5 41. Re2 Nxa2 $15) 41. Ke2 (41. Rc3 $1 $11 {keeps the balance.}) 41... Nb4 $17 42. Rc4 Bb6 (42... Rxa2+ 43. Kxe3 Nc2+ 44. Kd3 Ne1+ 45. Ke3 $17) 43. Rxb4 Rxa2+ 44. Kd1 Rxh2 45. Nd6 Bc7 46. Nxf7 Kxf7 47. Rb7 Kf6 48. Rxc7 Rf2 49. Rc3 g6 50. Ke1 Rb2 51. Kf1 h5 52. gxh5 gxh5 53. Kg1 (53. Rc5 $11) 53... Kg5 $1 $17 54. Rc6 Kf4 (54... Rxb3 55. Rxe6 Rxf3 56. Rxe5+ Kg4 57. Re7 $11) 55. Rxe6 Kg3 (55... Rxb3 $6 56. Kg2 $11) (55... Kxf3 $6 56. Rxe5 Rb1+ 57. Kh2 $11) (55... h4 $1 $17) 56. Rg6+ $1 $11 Kxf3 57. Rg5 Rb1+ 58. Kh2 Kxe4 59. Rxh5 Kd4 $1 (59... Rxb3 60. Rh4+ Kd5 61. Kg2 $15) 60. Kg2 (60. Rh8 $17) 60... e4 61. Kf2 (61. Rh8 $1 $11 {was the only way to keep the balance.}) 61... Rb2+ $1 $17 ({But not} 61... Rxb3 $6 62. Ra5 $11) 62. Ke1 Kd3 63. Rd5+ Ke3 64. Kd1 Rxb3 65. Rh5 Rb1+ 66. Kc2 Rf1 67. Rh3+ $2 (67. Re5 $17) 67... Ke2 68. Rh4 e3 69. Rh2+ Rf2 70. Rh1 Rf1 71. Rh2+ Kf3 72. Rh3+ {[%emt 0:00:10] [#]} Kf2 $1 73. Kd3 Rd1+ 74. Ke4 e2 75. Rh2+ {[%emt 0:00:10] [#]} Kf1 $1 76. Kf3 Rd3+ ({Weaker is} 76... e1=B 77. Rh1#) 0-1

[Event "Azerbaijan-ch 1st League 2025"]
[Site "Baku"]
[Date "2025.01.07"]
[Round "2.3"]
[White "Ahmadov, Fariz"]
[Black "Garayev, Kanan"]
[Result "1-0"]
[Annotator "TA"]
[ECO "C55"]
[WhiteElo "2224"]
[BlackElo "2340"]
[PlyCount "110"]
[EventDate "2025.01.05"]
[EventType "swiss"]
[EventCountry "AZE"]
[SourceTitle "playchess.com"]
[Source "ChessBase"]
[SourceQuality "1"]
[TimeControl "40/5400+30:1800+30"]

1. e4 e5 2. Nf3 Nc6 3. Bc4 Nf6 4. d3 h6 5. O-O d6 6. c3 g5 7. Na3 Bg7 8. Nc2 Be6 9. Ne3 Qd7 10. b4 O-O 11. Qc2 Rad8 12. Rb1 Ne7 13. Bb3 Ng6 14. d4 g4 15. Nxe5 dxe5 16. d5 Kh7 ({Black should try} 16... Nf4 $14) 17. dxe6 fxe6 18. g3 Qc6 19. Qe2 Nxe4 20. b5 (20. Nd1 $1 $14) 20... Nxc3 $11 (20... Qxc3 $6 21. Bxe6 (21. Nxg4 Qd3 $14) 21... Qd3 22. Qxd3 (22. Qxg4 Nxf2 23. Qb4 Nf4 $17) 22... Rxd3 23. Bxg4 $16 (23. Nxg4 Nc3 $14)) 21. Qxg4 Qe8 $1 (21... Nxb5 $6 22. Bc2 (22. Qxe6 Qxe6 23. Bxe6 Nd4 $15) (22. Bxe6 $2 Nd4 $17) 22... Rf6 23. h4 $14 (23. Be4 Qe8 $16)) 22. Rb2 (22. Ba3 $5) 22... e4 $1 23. Qxe6 Qxe6 (23... Nxb5 $15 24. Qxe8 Rdxe8 25. Bg8+ Rxg8 (25... Kxg8 26. Rxb5 b6 27. Ng4 $11) 26. Rxb5 b6) 24. Bxe6 $14 Ne5 25. Kg2 Nd3 26. Rc2 Nxb5 27. Bf5+ Rxf5 (27... Kh8 $11 28. Bxe4 b6) 28. Nxf5 $16 c5 29. Be3 b6 30. Rc4 Re8 31. a4 Nc7 32. Rb1 Re6 33. h4 (33. g4 $16) 33... a6 {[%emt 0:00:03] [#]} 34. Bxc5 (34. g4 $1 $14) 34... bxc5 $15 (34... Nxc5 $6 35. Nxg7 (35. a5 Bf8 $14) 35... Kxg7 36. a5 $16) 35. Rb7 Ne8 36. a5 Kg8 37. Rb6 Kf7 38. h5 Bf8 39. Rxe6 Kxe6 40. Rxe4+ Kxf5 (40... Kd7 $15 {might be stronger.}) 41. Rxe8 $11 Bg7 42. Rc8 Ke4 43. Rc6 Kd5 44. Rxa6 c4 45. Ra8 Kc6 $2 (45... c3 $11 {and Black is okay.} 46. a6 Bd4 47. Rd8+ (47. a7 Bxa7 48. Rxa7 c2 $11) 47... Kc4 48. Rxd4+ Kxd4) 46. Rc8+ $18 Kb5 47. a6 $1 Bd4 48. Rc7 Bxf2 $2 {[%emt 0:03:27] [#]} (48... Bb6 49. Kf1 (49. a7 Bxa7 50. Rxa7 c3 $18) 49... Kxa6 (49... Bxc7 $2 {loses.} 50. a7 $18) 50. Rxc4 Kb5) 49. g4 $1 $18 ({Less strong is} 49. a7 Bxa7 50. Rxa7 c3 $16) 49... Kxa6 50. Rxc4 Bb6 (50... Bc5 $142 51. g5 Kb5) 51. Rc6 $18 Ne5 52. Rxh6 Nxg4 {[%emt 0:00:01] [#]} 53. Re6 $1 Ne3+ 54. Kf3 Nf5 55. Kg4 (55. Rf6 $142 Kb7 56. Rxf5) 55... Nd4 1-0